cohdb
Replays
Latest Replays
All Replays
Popular Replays
Top Player Replays
Match Explorer
How It Works
Community
CoH3 Stats
Reddit
Sign in to upload your games and track your stats! →
Sign in with Steam
Match 41884302
Unlisted
Match 41884302
Overview
Messages
Build Orders
End
Construct Barracks
Engineer Squad
Riflemen Squad
Riflemen Squad
Grenade Package
Riflemen Squad
Selects Armored Battlegroup
Selects Veteran Crews
Selects Fast Deploy
Mechanized Support Center
Construct Medical Station
Engineer Squad
M1 Mortar Team
Construct Tank Depot
AI Takeover
Riceballz
Lox
Sparkle
Mo-J
0
0
Comments
sign in to comment!
No comments posted yet!